 Dungeon Crawl Stone Soup version 0.23.0 (webtiles) character file.

Game seed: 525679469249517093

11645 jgonzale2218 the Blocker (level 12, -3/91 HPs)
             Began as a Human Fighter on Feb 19, 2019.
             Was an Elder of Makhleb.
             Killed from afar by an electric eel (5 damage)
             ... with a bolt of electricity
             ... on level 12 of the Dungeon.
             The game lasted 01:05:46 (14293 turns).

jgonzale2218 the Blocker (Human Fighter)           Turns: 14293, Time: 01:05:48

Health: -3/91      AC: 13    Str: 24 (25) XL:     12   Next: 10%
Magic:  12/12      EV: 14    Int:  7 (8)  God:    Makhleb [****..]
Gold:   667        SH: 13    Dex: 10 (13) Spells: 9/12 levels left

rFire    . . .     SeeInvis .   d - +6 spear (freeze)
rCold    . . .     Gourm    .   c - +1 shield
rNeg     . . .     Faith    .   y - +4 steam dragon scales
rPois    .         Spirit   .   o - +0 helmet
rElec    .         Reflect  .   u - scarf {cloud immunity}
rCorr    .         Harm     .   e - +0 pair of gloves
MR       .....                  (no boots)
Stlth    ++........             w - amulet of regeneration
HPRegen  0.65/turn              m - ring of wizardry
MPRegen  0.13/turn              F - +3 ring of strength

@: no status effects
A: no striking features
a: Minor Destruction, Lesser Servant of Makhleb, Major Destruction, Renounce
Religion


You were on level 12 of the Dungeon.
You worshipped Makhleb.
Makhleb was greatly pleased with you.
You were hungry.

You visited 1 branch of the dungeon, and saw 12 of its levels.

You collected 725 gold pieces.
You spent 58 gold pieces at shops.

Inventory:

Hand Weapons
 a - a +0 long sword
 d - a +6 spear of freezing (weapon)
 l - a +2 whip of flaming
 q - a -3 mace of protection
 r - a -2 executioner's axe of flaming
Missiles
 j - 34 stones (quivered)
Armour
 c - a +1 shield (worn)
 e - a +0 pair of gloves (worn)
 o - a +0 helmet (worn)
 s - a +0 scale mail
 u - a scarf of cloud immunity (worn)
 y - +4 steam dragon scales (worn)
Magical Staves
 i - an uncursed staff of poison {unknown}
Jewellery
 m - a ring of wizardry (left hand)
 w - an amulet of regeneration (around neck)
 F - a +3 ring of strength (right hand)
Wands
 g - a wand of digging (4)
 G - a wand of paralysis (11)
Scrolls
 k - 5 scrolls of remove curse
 n - 3 scrolls of identify
 t - 2 scrolls of amnesia
 H - a scroll of magic mapping
Potions
 h - a potion of lignification
 v - 3 potions of agility
 x - a potion of invisibility {unknown}
 A - 2 potions of brilliance
 B - a potion of degeneration
Comestibles
 f - 7 rations


   Skills:
 + Level 7.3 Fighting
 + Level 3.0 Long Blades
 + Level 0.7 Maces & Flails
 + Level 9.4 Polearms
 + Level 7.4 Armour
 + Level 7.2 Dodging
 + Level 2.4 Stealth
 + Level 10.2 Shields
 + Level 0.5 Spellcasting
 + Level 0.6 Translocations


You had 9 spell levels left.
You knew the following spells:

 Your Spells              Type           Power        Failure   Level  Hunger
a - Sandblast             Erth           #.....       32%         1    ##.....
b - Blink                 Tloc           N/A          36%         2    ###....

Your spell library contained the following spells:

 Spells                   Type           Power        Failure   Level  Hunger
 Apportation              Tloc           #.....       26%         1    ##.....
 Animate Skeleton         Necr           N/A          32%         1    ##.....
 Confusing Touch          Hex            #.....       32%         1    ##.....
 Magic Dart               Conj           #...         32%         1    ##.....
 Summon Small Mammal      Summ           #...         32%         1    ##.....
 Call Imp                 Summ           #.......     43%         2    ###....
 Passwall                 Tmut/Erth      #.......     43%         2    ###....
 Slow                     Hex            #.......     43%         2    ###....
 Conjure Flame            Conj/Fire      #.......     65%         3    ####...
 Mephitic Cloud           Conj/Pois/Air  #.......     65%         3    ####...
 Stone Arrow              Conj/Erth      #.....       65%         3    ####...
 Petrify                  Tmut/Erth      #.......     96%         4    #####..
 Irradiate                Conj/Tmut      #.........   100%        5    ######.
 Lee's Rapid Deconstruct  Erth           #.........   100%        5    ######.
 Hydra Form               Tmut           #.........   100%        6    #######
 Statue Form              Tmut/Erth      #........    100%        6    #######
 Dragon Form              Tmut           #.........   100%        7    #######


Dungeon Overview and Level Annotations

Branches:
Dungeon (12/15)            Temple (0/1) D:5            Lair (0/6) D:10
    Orc (0/2) D:9

Altars:
Cheibriados
Hepliaklqana
Makhleb
Nemelex Xobeh
Ru
Vehumet
Xom
Yredelemnul

Shops:
D:4 [   D:9 [

Annotations:
D:5 Prince Ribbit
D:6 Menkaure
D:12 Snorg


Message History

* * * LOW HITPOINT WARNING * * *
You see here a yak corpse.
The wight closely misses you.
As you read the scroll labeled AZIDEMN OWKASA, it crumbles to dust.
The creatures around you are filled with an inner flame!
It was a scroll of immolation.
The wight hits you but does no damage.
The electric eel shoots out a bolt of lightning at you!
The bolt of electricity hits you!
* * * LOW HITPOINT WARNING * * *
Snorg looks more energetic.
The electric eel shoots out a bolt of lightning at you!
The bolt of electricity hits you.
* * * LOW HITPOINT WARNING * * *
It was a potion of degeneration.
There was something very wrong with that liquid.
You feel weakened.
You feel dopey.
You feel clumsy. You block the wight's attack.
The electric eel shoots out a bolt of lightning at you!
The bolt of electricity hits you.
You die...

#####........#
#+###.........$..#
......§§§§§Y...^.#####
......§§§§§§.........P
.......§Z§T§.........P
......YY######......P≈
.......Y# #......PP
.......Y# #.....PP♣
........# #@..# ≈
.......T# #Y..# P≈≈
......§§# #†z.+≈P♣≈
#####.Y§######T..PPP≈P
#..§§§§§......PP≈P
#..§§§§.§....P;≈..
#..§§§§......P≈P..
#.................
...###.............


You could see Snorg, a yak (inner flame), an electric eel (inner flame) and a
wight (inner flame).

Vanquished Creatures
  A centaur warrior (D:11)
  A two-headed ogre (D:9)
  2 ugly things
  A deep elf mage (D:10)
  A cyclops (D:11)
  A centaur skeleton (D:11)
  2 trolls
  A hornet (D:10)
  A wraith (D:10)
  2 wyverns (D:11)
  2 hungry ghosts (D:11)
  4 hogs (D:10)
  A human (D:10)
  A steam dragon (D:8)
  6 yaks
  A water moccasin (D:9)
  A black bear (D:8)
  2 orc warriors
  2 ice beasts
  An eye of draining (D:8)
  A necrophage (D:11)
  2 sky beasts
  6 ogres
  4 centaurs
  A crocodile (D:11)
  3 big kobolds
  4 bullfrogs
  A water moccasin zombie (D:8)
  A wyvern zombie (D:9)
  8 scorpions
  5 killer bees (D:8)
  4 wights (D:8)
  7 howler monkeys
  3 quasits
  3 centaur zombies
  5 crimson imps
  3 hounds
  6 orc priests
  9 orc wizards
  5 bullfrog skeletons
  2 iguanas
  5 worker ants
  Terence (D:2)
  A hound zombie (D:6)
  3 hound skeletons
  A howler monkey zombie (D:7)
  3 worker ant zombies
  10 gnolls
  14 adders
  A shadow imp (D:11)
  6 oozes
  2 worms
  A dart slug (D:1)
  9 leopard geckos
  43 orcs
  A ball python (D:5)
  15 giant cockroaches
  7 goblins
  5 hobgoblins
  21 jackals
  6 quokkas
  15 bats
  4 frilled lizards
  A giant cockroach zombie (D:5)
  19 kobolds
  A quokka skeleton (D:5)
  A quokka zombie (D:6)
  9 rats
  4 fungi (D:5)
  A plant (D:10)
327 creatures vanquished.

Vanquished Creatures (others)
  3 jackals (D:3)
  A rat (D:3)
  A fungus (D:5)
  2 plants (D:10)
7 creatures vanquished.

Grand Total: 334 creatures vanquished

Notes
Turn   | Place    | Note
-------+----------+-------------------------------------------
     0 | D:1      | jgonzale2218 the Human Fighter began the quest for the Orb.
     0 | D:1      | Reached XP level 1. HP: 18/18 MP: 1/1
   163 | D:1      | Reached XP level 2. HP: 20/24 MP: 2/2
   428 | D:1      | Reached XP level 3. HP: 27/29 MP: 3/3
  1074 | D:2      | Reached XP level 4. HP: 27/35 MP: 4/4
  1560 | D:2      | Found a basalt altar of Yredelemnul.
  1689 | D:2      | Reached XP level 5. HP: 21/41 MP: 5/5
  2110 | D:2      | Noticed Terence
  2124 | D:2      | Killed Terence
  2334 | D:2      | Found a snail-covered altar of Cheibriados.
  2615 | D:3      | Found a radiant altar of Vehumet.
  2640 | D:3      | Found a hazy altar of Hepliaklqana.
  2851 | D:3      | Reached skill level 4 in Shields
  2942 | D:3      | Reached skill level 1 in Dodging
  2951 | D:3      | Reached XP level 6. HP: 28/47 MP: 6/6
  3515 | D:4      | Reached skill level 1 in Polearms
  3884 | D:4      | Reached XP level 7. HP: 46/52 MP: 7/7
  4336 | D:4      | Found a burning altar of Makhleb.
  4344 | D:4      | Became a worshipper of Makhleb the Destroyer
  4387 | D:4      | Found Zyokut's Armour Boutique.
  4418 | D:4      | Bought a +0 pair of gloves for 58 gold pieces
  4889 | D:5      | Entered Level 5 of the Dungeon
  4889 | D:5      | Found a staircase to the Ecumenical Temple.
  5053 | D:5      | Reached skill level 5 in Armour
  5077 | D:5      | Reached skill level 5 in Shields
  5108 | D:5      | Reached XP level 8. HP: 54/60 MP: 8/8
  5635 | D:5      | Reached skill level 5 in Fighting
  6345 | D:6      | Noticed Prince Ribbit
  6646 | D:6      | Found a shimmering altar of Xom.
  7105 | D:6      | Found a sparkling altar of Nemelex Xobeh.
  7131 | D:6      | Reached XP level 9. HP: 46/68 MP: 9/9
  7446 | D:6      | Noticed Menkaure
  7636 | D:6      | Reached skill level 1 in Stealth
  7940 | D:7      | Reached * piety under Makhleb
  7943 | D:7      | Reached skill level 5 in Polearms
  7943 | D:7      | Reached skill level 6 in Shields
  9087 | D:8      | Reached ** piety under Makhleb
  9405 | D:8      | Reached XP level 10. HP: 68/74 MP: 10/10
  9439 | D:8      | Reached skill level 7 in Shields
  9938 | D:8      | Found a sacrificial altar of Ru.
 10496 | D:9      | Noticed a two-headed ogre
 10515 | D:9      | Killed a two-headed ogre
 11250 | D:9      | Reached skill level 8 in Shields
 11290 | D:9      | Learned a level 1 spell: Sandblast
 11496 | D:9      | Found a staircase to the Orcish Mines.
 11496 | D:9      | Found Roclo's Armour Shoppe.
 11619 | D:9      | Reached skill level 5 in Dodging
 11788 | D:10     | Entered Level 10 of the Dungeon
 11904 | D:10     | Found a staircase to the Lair.
 11996 | D:10     | Found a radiant altar of Vehumet.
 12012 | D:10     | Reached *** piety under Makhleb
 12174 | D:10     | Reached XP level 11. HP: 71/81 MP: 11/11
 12385 | D:10     | Reached skill level 9 in Shields
 12604 | D:10     | Found a sacrificial altar of Ru.
 12607 | D:10     | Noticed a deep elf mage
 12618 | D:10     | Killed a deep elf mage
 12927 | D:11     | Reached **** piety under Makhleb
 12962 | D:11     | Noticed a seven-headed hydra
 13028 | D:11     | Noticed a cyclops
 13051 | D:11     | Killed a cyclops
 13165 | D:11     | Learned a level 2 spell: Blink
 13421 | D:11     | Noticed a centaur warrior
 13460 | D:11     | Killed a centaur warrior
 13676 | D:11     | Noticed a purple ugly thing
 13698 | D:11     | Killed a purple ugly thing
 13698 | D:11     | Reached skill level 10 in Shields
 13754 | D:11     | Reached XP level 12. HP: 91/91 MP: 12/12
 14236 | D:12     | Noticed Snorg
 14292 | D:12     | HP: 1/91 [electric eel/bolt of electricity (6)]
 14293 | D:12     | Killed from afar by an electric eel

Skill      XL: |  1  2  3  4  5  6  7  8  9 10 11 |
---------------+----------------------------------+-----
Long Blades    | 3 |  3.0
Armour         | 4 5 6 7 |  7.4
Shields        | 4 5 6 8 10 | 10.2
Dodging        | 1 2 4 5 7 |  7.2
Polearms       | 2 3 4 6 7 9 |  9.4
Fighting       | 5 6 7 |  7.3
Stealth        | 1 2 |  2.4
Maces & Flails | |  0.7
Spellcasting   | |  0.5
Translocations | |  0.6

Action                   |  1- 3 |  4- 6 |  7- 9 | 10-12 || total
-------------------------+-------+-------+-------+-------++-------
Melee: Long sword        |   113 |    46 |       |       ||   159
       Whip              |       |    28 |       |       ||    28
       Spear             |       |   157 |   494 |   645 ||  1296
 Cast: Blink             |       |       |       |     4 ||     4
Evoke: Wand              |       |       |       |     1 ||     1
  Use: Scroll            |       |     7 |     9 |    15 ||    31
       Potion            |       |     6 |     6 |     3 ||    15
 Stab: Sleeping          |       |       |       |     2 ||     2
  Eat: Ration            |     1 |     2 |     6 |     4 ||    13
       Chunk             |       |       |       |     3 ||     3
Armor: Scale mail        |    80 |   132 |    90 |    37 ||   339
       Chain mail        |       |     2 |    78 |       ||    80
       Skin              |       |       |   104 |       ||   104
       Steam dragon scal |       |       |       |   159 ||   159
Dodge: Dodged            |    37 |   114 |   126 |   335 ||   612
Block: Shield            |    80 |   174 |   310 |   488 ||  1052
       Rpst.: Long sword |    10 |     6 |       |       ||    16
